 Dungeon Crawl Stone Soup version 0.31-a0-1008-g5b978dac0e (webtiles) character file.

Game seed: 9708150039873025643

179 Descartes the Stinger (level 5, -1/31 HPs)
             Began as an Octopode Venom Mage on Nov 12, 2023.
             Was an Initiate of Gozag.
             Slain by an endoplasm (2 damage)
             ... on level 4 of the Dungeon.
             The game lasted 00:07:37 (3734 turns).

Descartes the Stinger (Octopode Venom Mage)         Turns: 3734, Time: 00:07:38

Health: -1/31      AC: -3    Str:  8    XL:     5   Next: 59%
Magic:  3/10       EV: 13    Int: 19    God:    Gozag
Gold:   126        SH:  0    Dex: 12    Spells: 2/10 levels left

rFire   . . .        (no weapon)
rCold   . . .        (no shield)
rNeg    + . .        (helmet restricted)
rPois   .            (no amulet)
rElec   .            d - ring of positive energy
rCorr   .            (no ring)
SInv    .            (no ring)
Will    .....        (no ring)
Stlth   +++          (no ring)
HPRegen 0.25/turn    (no ring)
MPRegen 0.12/turn    (no ring)
                     (no ring)

%: no passive effects
@: corroded, gold aura
A: almost no armour, amphibious, 8 rings, camouflage 1, gelatinous body 1,
(nimble swimmer 1), tentacles
a: Renounce Religion, Potion Petition, Call Merchant, Bribe Branch


You were on level 4 of the Dungeon.
You worshipped Gozag.
Gozag was aware of your devotion.
You visited 2 branches of the dungeon, and saw 5 of its levels.

You collected 173 gold pieces.
You paid 47 gold pieces to Gozag.

Inventory:

Missiles
 r - 6 poisoned darts
Jewellery
 d - a ring of positive energy (left tentacle)
 i - a +6 ring of strength
Talismans
 l - a serpent talisman
Wands
 o - a wand of iceblast (7)
Scrolls
 b - a scroll of noise {unknown}
 c - 2 scrolls of teleportation {unknown}
 e - a scroll of identify {unknown}
 m - a scroll of brand weapon {unknown}
 p - a scroll of vulnerability {unknown}
 s - a scroll of enchant weapon {unknown}
Potions
 a - a potion of magic
 f - a potion of might {unknown}
 g - a potion of brilliance {unknown}
 h - a potion of heal wounds {unknown}
 j - a potion of curing {unknown}
 k - a potion of degeneration {unknown}
 n - a potion of berserk rage {unknown}
 q - a potion of resistance {unknown}


   Skills:
 - Level 2.0 Dodging
 - Level 2.6 Stealth
 + Level 3.4 Spellcasting
 + Level 2.7 Conjurations
 - Level 1.0 Transmutations
 + Level 5.1 Poison Magic


You had 2 spell levels left.
You knew the following spells:

 Your Spells              Type           Power      Damage    Failure   Level
a - Sting                 Tmut/Pois      56%        1d5       4%          1
b - Olgreb's Toxic Radia  Pois           22%        N/A       17%         4
c - Mephitic Cloud        Conj/Pois/Air  13%        N/A       16%         3

Your spell library contained the following spells:

 Spells                   Type           Power      Damage    Failure   Level
 Poisonous Vapours        Pois/Air       26%        N/A       8%          2


Dungeon Overview and Level Annotations

Branches:
Dungeon (4/15)             Temple (1/1) D:4

Altars:
Ashenzari
Cheibriados
Elyvilon
Fedhas
Gozag
Hepliaklqana
Kikubaaqudgha
Makhleb
Nemelex Xobeh
Okawaru
Qazlal
Trog
Uskayaw
Zin
The Shining One

Annotations:
D:3 3 runed translucent doors, confidenceinterval's ghost, weakling MiFi


Innate Abilities, Weirdness & Mutations

You cannot wear most types of armour.
You are amphibious.
You can wear up to eight rings at the same time.
Your skin changes colour to match your surroundings (Stealth+).
Your rubbery body absorbs attacks. (AC +1, EV +1)
((You are camouflaged when in or above water. (Stealth+)))
You have tentacles for arms and can constrict up to eight enemies at once.


Message History

The jelly hits you.
You are splashed with acid!
You tentacle-slap the jelly.
Your tentacles burn!
The jelly is severely wounded.
The jelly hits you.
* * * LOW HITPOINT WARNING * * *
The acid corrodes you!
You are splashed with acid.
* * * LOW HITPOINT WARNING * * *
Unknown command.
The jelly attacks as it pursues you! The jelly misses you.
You kill the jelly!
Casting: Sting (safe; 4% risk of failure)
Confirm with . or Enter, or press ? or * to list all spells.
Aiming: Sting (safe; 4% risk of failure)
Press: ? - help, Shift-Dir - straight line, f - endoplasm
Aim: an endoplasm (98% to hit)
The sting hits the endoplasm.
The endoplasm partially resists.
The endoplasm is moderately wounded.
The endoplasm freezes you.
You are frozen.
* * * LOW HITPOINT WARNING * * *
Okay, then.
Casting: Sting (safe; 4% risk of failure)
Confirm with . or Enter, or press ? or * to list all spells.
Aiming: Sting (safe; 4% risk of failure)
Press: ? - help, Shift-Dir - straight line, f/p - endoplasm
Aim: an endoplasm (moderately wounded, 98% to hit)
The sting hits the endoplasm.
The endoplasm partially resists.
The endoplasm is heavily wounded.
The endoplasm misses you.
Unknown command.
Casting: Sting (safe; 4% risk of failure)
Confirm with . or Enter, or press ? or * to list all spells.
Aiming: Sting (safe; 4% risk of failure)
Press: ? - help, Shift-Dir - straight line, f/p - endoplasm
Aim: an endoplasm (heavily wounded, 98% to hit)
The sting hits the endoplasm.
The endoplasm is poisoned.
The endoplasm is heavily wounded.
The endoplasm hits you.
You die...
Your body crumbles into a pile of gold.

..........#
..........#
........?.# ..........
......... . ........#
..# .. ......$.# ..##
#. .....##J# #..#⌠ #.
... #@# #...## #. .
#.##.....# ..
#......... ..
###......... #
##########...........
#.....................
#.....................
####.............>..#
#####...........##


You could see an endoplasm (poisoned).

Vanquished Creatures
  A jelly (D:4)
  An iguana (D:4)
  4 adders
  2 worms (D:3)
  3 dart slugs
  3 orcs
  4 endoplasms
  3 giant cockroaches
  6 goblins
  5 hobgoblins
  5 jackals
  A quokka (D:2)
  12 ball pythons
  8 bats
  2 frilled lizards
  3 kobolds
  9 rats
72 creatures vanquished.

Notes
Turn   | Place    | Note
-------+----------+-------------------------------------------
     0 | D:1      | Descartes the Octopode Venom Mage began the quest for the
                  | Orb.
     0 | D:1      | Reached XP level 1. HP: 11/11 MP: 3/3
   194 | D:1      | Reached XP level 2. HP: 17/17 MP: 0/5
   546 | D:1      | Reached skill level 1 in Conjurations
   546 | D:1      | Reached skill level 4 in Poison Magic
  1073 | D:2      | Reached XP level 3. HP: 19/21 MP: 4/6
  1854 | D:3      | Found a stormy altar of Qazlal.
  1866 | D:3      | Reached XP level 4. HP: 22/27 MP: 3/8
  1961 | D:3      | Found a faded altar of an unknown god.
  1972 | D:3      | Found an ancient bone altar of Kikubaaqudgha.
  2469 | D:3      | Found a runed translucent gate.
  2470 | D:3      | Found a runed translucent gate.
  2471 | D:3      | Found a runed translucent gate.
  2474 | D:3      | Noticed confidenceinterval's ghost (weakling MiFi)
  2766 | D:3      | Found a snail-covered altar of Cheibriados.
  3015 | D:4      | Reached XP level 5. HP: 3/31 MP: 1/9
  3255 | D:4      | Reached skill level 5 in Poison Magic
  3357 | D:4      | Learned a level 4 spell: Olgreb's Toxic Radiance
  3361 | D:4      | Learned a level 3 spell: Mephitic Cloud
  3565 | D:4      | Found a staircase to the Ecumenical Temple.
  3574 | Temple   | Entered the Ecumenical Temple
  3583 | Temple   | Became a worshipper of Gozag Ym Sagoz the Greedy
  3732 | D:4      | HP: 1/31 [frozen (2)]
  3734 | D:4      | Slain by an endoplasm

Illustrated notes

Levels and vault maps discovered:
D:1:      dpeg_arrival_lava_temple_mockup, layout_basic,
          dreamdust_mushroom_princess
D:2:      layout_rooms
D:3:      layout_loops_cross, mainiacjoe_overflow_brackets,
          mainiacjoe_overflow_cross_hatched, kennysheep_slug_shrine,
          nicolae_ecumenical_snake_handling, ebering_ghost_rock_garden
D:4:      layout_cave_pods, minmay_temple_entry_crystal_x,
          hellmonk_ghost_happy_afterlife
Temple:   hellmonk_temple_flake

Skill      XL: |  1  2  3  4  5 |
---------------+----------------+-----
Conjurations   | 1 2 |  2.7
Poison Magic   | 4 5 |  5.1
Spellcasting   | 3 |  3.4
Dodging        | |  2.0
Stealth        | |  2.6
Transmutations | |  1.0

Action                     |  1- 3 |  4- 6 || total
---------------------------+-------+-------++-------
  Melee: Unarmed           |     8 |     2 ||    10
         Constrict         |     3 |       ||     3
         Tentacles         |     2 |     1 ||     3
   Cast: Sting             |    71 |    91 ||   162
 Armour: Skin              |    22 |    21 ||    43
  Dodge: Dodged            |    21 |    23 ||    44

Table legend: (Time is in decaauts)
 A = Elapsed time spent in this place.
 B = Non-inter-level travel time spent in this place.
 C = Inter-level travel time spent in this place.
 D = Time resting spent in this place.
 E = Time spent auto-exploring this place.
 F = Levels seen in this place.
 G = Mean time per level.
                   A        B        C        D        E       F      G
               +--------+--------+--------+--------+--------+-----+--------+
         Total |   3734 |   3633 |    101 |      0 |   3113 |   5 |  746.8 |
       Dungeon |   3715 |   3630 |     85 |      0 |   3113 |   4 |  928.8 |
        Temple |     18 |      2 |     16 |      0 |      0 |   1 |   18.0 |
               +--------+--------+--------+--------+--------+-----+--------+

Top non-repeatable levels by time:
     D:3: 1179 daAuts
     D:1: 1145 daAuts
     D:4: 822 daAuts
     D:2: 568 daAuts
  Temple: 18 daAuts
